 Dungeon Crawl Stone Soup version 0.26-a0-611-g354ed81502 (webtiles) character file.

Game seed: 15683472072323066604

19822 MrRokkomies the Geomancer (level 12, -1/80 HPs)
             Began as an Octopode Earth Elementalist on Sept 7, 2020.
             Was an Elder of Uskayaw.
             Slain by a blink frog (7 damage)
             ... on level 3 of the Lair of Beasts.
             The game lasted 00:37:22 (22245 turns).

MrRokkomies the Geomancer (OpEE)                   Turns: 22245, Time: 00:37:23

Health: -1/80      AC:  3    Str:  8    XL:     12   Next: 73%
Magic:  2/19       EV: 19    Int: 21    God:    Uskayaw [****..]
Gold:   1063       SH: 11    Dex: 13    Spells: 4/19 levels left

rFire    + . .     SeeInvis .   a - +2 dagger (drain)
rCold    . . .     Faith    .   i - +1 buckler
rNeg     + . .     Spirit   .   K - +2 hat
rPois    .         Reflect  +   L - amulet of reflection
rElec    .         Harm     .   s - ring "Kuoluddi" {rN+ MR++}
rCorr    .                      M - ring of protection from fire
MR       ++...                  (no ring)
Stlth    +++++.....             (no ring)
HPRegen  0.23/turn              (no ring)
MPRegen  0.16/turn              (no ring)
                                (no ring)
                                (no ring)

@: no status effects
A: almost no armour, stealthy swim, amphibious, 8 rings, constrict 8, camouflage
1, gelatinous body 1
a: Stomp, Line Pass, Renounce Religion


You were on level 3 of the Lair of Beasts.
You worshipped Uskayaw.
Uskayaw was aware of your devotion.
You visited 3 branches of the dungeon, and saw 16 of its levels.
You also visited: Sewer and Volcano.

You collected 1063 gold pieces.

Inventory:

Hand Weapons
 a - a +2 dagger of draining (weapon)
 c - a +0 dagger
 f - a +5 spear of venom
 g - a +2 mace of holy wrath
 T - a +0 broad axe of flaming
Missiles
 b - 167 stones
 e - 6 atropa-tipped darts
 o - 19 poisoned darts (quivered)
 y - 10 curare-tipped darts
Armour
 i - a +1 buckler (worn)
 K - a +2 hat (worn)
Magical Staves
 w - an uncursed staff of air
 F - an uncursed staff of fire
Jewellery
 s - the ring "Kuoluddi" (left tentacle) {rN+ MR++}
   (You found it on level 5 of the Dungeon)

   [ring of positive energy]

   It protects you from negative energy.
   It affects your resistance to hostile enchantments.
 z - an uncursed amulet of magic regeneration
 L - an amulet of reflection (around mantle)
 M - a ring of protection from fire (right tentacle)
 Q - an uncursed amulet of guardian spirit {unknown}
Wands
 H - a wand of acid (7)
 U - a wand of enslavement (5)
Scrolls
 p - 5 scrolls of remove curse
 r - 5 scrolls of blinking
 u - a scroll of magic mapping
 A - 2 scrolls of teleportation
 C - a scroll of fog
 D - 2 scrolls of amnesia
 E - a scroll of enchant weapon
 O - 3 scrolls of identify
 R - a scroll of silence
Potions
 d - 3 potions of resistance
 h - 5 potions of stabbing
 j - 3 potions of cancellation
 k - 2 potions of heal wounds
 l - 5 potions of lignification
 m - a potion of mutation {unknown}
 n - 2 potions of haste {unknown}
 q - 4 potions of flight
 v - 2 potions of might
 x - a potion of experience {unknown}
 B - 4 potions of degeneration {unknown}
 G - a potion of brilliance {unknown}
 I - a potion of ambrosia
 J - a potion of curing
 S - a potion of berserk rage {unknown}
Miscellaneous
 t - a condenser vane (2/2)
 N - a lightning rod (4/4)
 P - a phial of floods


   Skills:
 + Level 6.3 Fighting
 + Level 4.4 Short Blades
 - Level 10.0 Dodging
 - Level 8.0 Stealth
 - Level 4.0 Shields
 - Level 4.4 Spellcasting
 - Level 5.0 Transmutations
 - Level 11.0 Earth Magic
 * Level 9.5 Invocations
 * Level 0.0 Evocations


You had 4 spell levels left.
You knew the following spells:

 Your Spells              Type           Power        Failure   Level
a - Sandblast             Erth           ######       1%          1
b - Passwall              Tmut/Erth      #####...     1%          2
c - Stone Arrow           Conj/Erth      ####..       3%          3
d - Petrify               Tmut/Erth      #####...     4%          4
e - Lee's Rapid Deconstr  Erth           ######....   3%          5

Your spell library contained the following spells:

 Spells                   Type           Power        Failure   Level
 Animate Skeleton         Necr           #.....       12%         1
 Apportation              Tloc           #.....       12%         1
 Corona                   Hex            #......      12%         1
 Magic Dart               Conj           #...         12%         1
 Summon Small Mammal      Summ           #...         12%         1
 Searing Ray              Conj           #.....       17%         2
 Dazzling Flash           Conj/Hex       #.....       34%         3
 Fulminant Prism          Conj/Hex       #.........   75%         4
 Iskenderun's Mystic Bla  Conj/Tloc      #.......     75%         4


Dungeon Overview and Level Annotations

Branches:
Dungeon (11/15)            Temple (0/1) D:7            Lair (3/6) D:11
 Shoals (0/4) Lair:2          Orc (2/2) D:10          Sewer (visited)
Volcano (visited)
  Snake: Lair:2-4    Spider: Lair:2-4       Elf: Orc:2

Altars:
Gozag
Hepliaklqana
Qazlal
Ru
Sif Muna
Uskayaw
Yredelemnul

Shops:
D:6 (?*   D:9 [

Annotations:
D:4 3 runed translucent doors, Shaidar's ghost, novice HOMo
D:6 2 transporters, Ywein's ghost, amateur FoAK
D:10 2 transporters, Gravitas's ghost, journeyman GrFE; Josephine
Orc:2 Nessos


Innate Abilities, Weirdness & Mutations

You cannot wear most types of armour.
You are very stealthy in the water. (Stealth+)
You are amphibious.
You can wear up to eight rings at the same time.
You can use your tentacles to constrict eight enemies at once.
Your skin changes colour to match your surroundings (Stealth+).
Your rubbery body absorbs attacks. (AC +1, EV +1)


Message History

You block the blink frog's attack.
You hit the blink frog. You drain the blink frog.
Your grab misses the blink frog. You squeeze the blink frog.
The blink frog is heavily wounded.
The blink frog hits you.
* * * LOW HITPOINT WARNING * * *
You block the blink frog's attack.
Uskayaw will force your foes to share their pain.
Casting: Lee's Rapid Deconstruction (dangerous; 3% risk of failure)
Confirm with . or Enter, or press ? or * to list all spells.
Aiming: Sandblast (safe; 1% risk of failure)
Press: ? - help, Shift-Dir - straight line, f/p - blink frog
Aim: a blink frog The blast of sand hits the blink frog!
The blink frog is heavily wounded.
b - 167 stones You block the blink frog's attack. x2; The blink frog hits you!
* * * LOW HITPOINT WARNING * * *
The blink frog hits you!
You die...

* #.....# *,,,,,**,,,,,* *
#....## **....#**,,,,,** *
#.....## *,....# *,,,,,,* *
####.(....###**....# **,,,,**
**###.#..(...#..###....##**,,,,*
,........................,,,,,,**
.........................,,,,,,,*
...............F.†.......,,,,,,,*
...............F@........,,,,,,**
............#######.....#*,,,,,,*
........F...# *,....##*,,,,,,*
..........F.# *,,...# **,,,,,*
............## **,,,.#***,,,,,*
............P# *,,,,.#*,,,,,**
......†.....## **,,,,,#**,,,,*
............# *,,,,,** *,,,,*
.$..........# **,,,,,* *,,,,**


You could see 2 blink frogs.

Vanquished Creatures
  A hell hog (Volcano)
  A fire crab (Volcano)
  Sonja (Lair:3)
  A necromancer (D:11)
  An oklob plant (D:11)
  2 black mambas
  2 molten gargoyles (Volcano)
  A gargoyle (D:11)
  5 cane toads
  A centaur skeleton (D:11)
  2 trolls
  A hornet (D:10)
  5 blink frogs (Lair:3)
  A snapping turtle (Lair:2)
  7 hippogriffs
  Eustachio (D:4)
  A vampire (D:9)
  6 yaks
  6 fire bats (Volcano)
  A steam dragon (Volcano)
  2 water elementals (D:11)
  3 basilisks
  Grum (D:11)
  4 water moccasins
  A hell hound (Volcano)
  2 porcupines (Lair:1)
  A black bear (D:10)
  6 orc warriors
  A sky beast (D:8)
  4 ice beasts
  A hornet zombie (D:11)
  4 necrophages
  4 eyes of draining
  A phantom (D:4)
  7 ogres
  5 centaurs
  4 wolves (D:11)
  6 crocodiles
  7 bullfrogs
  A big kobold (D:5)
  A gnoll sergeant (D:5)
  2 wyvern zombies
  5 scorpions
  3 wights (D:8)
  5 killer bees (D:11)
  A vampire bat (D:9)
  7 electric eels
  A bullfrog zombie (D:5)
  2 howler monkeys (D:5)
  7 lava snakes (Volcano)
  3 hounds
  5 jellies
  6 orc priests
  8 orc wizards
  A bullfrog skeleton (D:7)
  6 iguanas
  13 worker ants
  3 polar bear simulacra (D:11)
  2 yak simulacra (D:11)
  2 wolf simulacra (D:11)
  2 hound skeletons
  A worker ant zombie (D:8)
  6 gnolls
  11 adders
  3 shadow imps
  A white imp (D:10)
  An ufetubus (D:10)
  10 oozes
  An adder zombie (D:7)
  2 adder skeletons (D:4)
  5 worms
  4 dart slugs
  12 leopard geckos
  37 orcs
  19 ball pythons
  13 giant cockroaches
  7 goblins
  3 hobgoblins
  10 jackals
  6 quokkas
  18 bats
  15 frilled lizards
  16 kobolds
  A leopard gecko zombie (D:8)
  10 rats
  4 river rat simulacra (D:11)
  A spectral orc (D:3)
414 creatures vanquished.

Vanquished Creatures (others)
  A hell hound (Volcano)
  A fungus (Lair:1)
  15 plants
17 creatures vanquished.

Grand Total: 431 creatures vanquished

Notes
Turn   | Place    | Note
-------+----------+-------------------------------------------
     0 | D:1      | MrRokkomies the Octopode Earth Elementalist began the quest
                  | for the Orb.
     0 | D:1      | Reached XP level 1. HP: 11/11 MP: 3/3
    79 | D:1      | Reached XP level 2. HP: 14/17 MP: 5/5
   762 | D:1      | Reached XP level 3. HP: 16/21 MP: 6/6
   912 | D:1      | Learned a level 2 spell: Passwall
   916 | D:1      | Learned a level 3 spell: Stone Arrow
  1408 | D:2      | Reached skill level 1 in Shields
  1436 | D:2      | Reached XP level 4. HP: 9/27 MP: 4/7
  1883 | D:2      | Found a faded altar of an unknown god.
  1898 | D:2      | Became a worshipper of Uskayaw the Reveler
  1898 | D:2      | Reached * piety under Uskayaw
  2482 | D:3      | Reached ** piety under Uskayaw
  2484 | D:3      | Reached skill level 4 in Earth Magic
  2484 | D:3      | Reached XP level 5. HP: 31/31 MP: 4/8
  2488 | D:3      | Reached *** piety under Uskayaw
  3429 | D:3      | Found a basalt altar of Yredelemnul.
  3574 | D:5      | Entered Level 5 of the Dungeon
  3574 | D:5      | Noticed a necrophage
  3584 | D:5      | Killed a necrophage
  3584 | D:5      | Reached XP level 6. HP: 7/35 MP: 1/10
  3982 | D:5      | Found a glowing drain.
  4008 | Sewer    | Entered a sewer
  4596 | Sewer    | Learned a level 4 spell: Petrify
  4870 | Sewer    | Reached skill level 5 in Earth Magic
  4870 | Sewer    | Reached XP level 7. HP: 30/40 MP: 8/11
  4874 | Sewer    | Reached **** piety under Uskayaw
  5331 | D:5      | Reached skill level 5 in Stealth
  5661 | D:5      | Got a brightly glowing turquoise ring
  5662 | D:5      | Identified the ring "Kuoluddi" {rN+ MR++} (You found it on
                  | level 5 of the Dungeon)
  5968 | D:5      | Reached XP level 8. HP: 9/46 MP: 1/13
  6184 | D:4      | Noticed Eustachio
  6279 | D:5      | Reached skill level 6 in Earth Magic
  6763 | D:4      | Killed Eustachio
  7043 | D:4      | Found a sacrificial altar of Ru.
  7087 | D:4      | Found a runed translucent gate.
  7088 | D:4      | Found a runed translucent gate.
  7088 | D:4      | Found a runed translucent gate.
  7088 | D:4      | Found an opulent altar of Gozag.
  7089 | D:4      | Noticed Shaidar's ghost (novice HOMo)
  7116 | D:4      | Reached skill level 5 in Dodging
  7506 | D:4      | Found a shimmering blue altar of Sif Muna.
  7815 | D:4      | Found a hide-covered altar of Uskayaw.
  7822 | D:4      | Found a hazy altar of Hepliaklqana.
  7960 | D:5      | Learned a level 5 spell: Lee's Rapid Deconstruction
  8021 | D:6      | Reached skill level 7 in Earth Magic
  8038 | D:6      | Reached XP level 9. HP: 28/51 MP: 15/15
  8392 | D:6      | Noticed Ywein's ghost (amateur FoAK)
  8393 | D:6      | Found a transporter.
  8396 | D:6      | Identified the +5 great mace of Arrival {flame, rF+ rC+}
  8396 | D:6      | Identified the +7 dire flail of the Nexus {flame, *Contam
                  | rC+ Dex+5}
  8396 | D:6      | Noticed a two-headed ogre
  8401 | D:6      | Found a stormy altar of Qazlal.
  8415 | D:6      | Found a transporter.
  8721 | D:6      | Found Ydezxof's Magic Scroll Shop.
  8735 | D:6      | Found Zutzauru's Antique Weapon Boutique.
  8773 | D:6      | Found Coalal's General Store.
  9569 | D:7      | Found a staircase to the Ecumenical Temple.
 10221 | D:7      | Reached skill level 8 in Earth Magic
 10568 | D:8      | HP: 2/51 [worker ant (6)]
 11398 | D:8      | Reached XP level 10. HP: 19/56 MP: 13/16
 11405 | D:8      | HP: 1/56 [wight/+0 spear (8)]
 12562 | D:9      | Reached skill level 9 in Earth Magic
 13093 | D:9      | Found Fyfal's Antique Armour Boutique.
 13747 | D:10     | Entered Level 10 of the Dungeon
 13753 | D:10     | Found a transporter.
 13781 | D:10     | Reached skill level 1 in Invocations
 13873 | D:10     | Found a staircase to the Orcish Mines.
 13989 | D:10     | Identified the +3 dire flail of Bile {distort, rPois rN+}
 13989 | D:10     | Noticed a two-headed ogre
 13990 | D:10     | Noticed Gravitas's ghost (journeyman GrFE)
 14378 | D:10     | Found a transporter.
 14468 | D:10     | Noticed Josephine
 15194 | D:11     | Reached skill level 5 in Transmutations
 15194 | D:11     | Reached XP level 11. HP: 45/60 MP: 17/17
 15389 | D:11     | Noticed Grum
 15562 | D:11     | Killed Grum
 15764 | D:11     | Reached skill level 5 in Invocations
 15818 | D:11     | Found a staircase to the Lair.
 15824 | D:11     | Noticed an oklob plant
 16516 | D:11     | Noticed a necromancer
 16521 | D:11     | Killed a necromancer
 16521 | D:11     | Reached skill level 10 in Earth Magic
 17677 | D:11     | Reached skill level 10 in Dodging
 17968 | Orc:1    | Entered Level 1 of the Orcish Mines
 17979 | Orc:1    | Reached skill level 1 in Short Blades
 18084 | Orc:2    | Entered Level 2 of the Orcish Mines
 18096 | Orc:2    | Noticed Nessos
 18281 | D:11     | Killed an oklob plant
 18281 | D:11     | Reached skill level 1 in Fighting
 18370 | Lair:1   | Entered Level 1 of the Lair of Beasts
 20138 | Lair:2   | Reached XP level 12. HP: 74/74 MP: 16/18
 20710 | Lair:2   | Found a staircase to the Shoals.
 21004 | Lair:2   | Reached ***** piety under Uskayaw
 21394 | Lair:3   | Found a dark tunnel.
 21402 | Volcano  | Entered a volcano
 21546 | Volcano  | Found a radiant altar of Vehumet.
 21546 | Volcano  | Noticed a hell hog
 21551 | Volcano  | Killed a hell hog
 21551 | Volcano  | Reached skill level 5 in Fighting
 22163 | Lair:3   | Noticed Sonja
 22169 | Lair:3   | Killed Sonja
 22237 | Lair:3   | Reached skill level 11 in Earth Magic
 22245 | Lair:3   | Slain by a blink frog

Illustrated notes

Levels and vault maps discovered:
D:1:      dpeg_arrival_tiny_j, layout_basic, serial_glass, glass_columns_b,
          glass_columns_c, glass_columns_b, glass_columns_b, glass_columns_a,
          glass_columns_b, glass_columns_a, glass_columns_b, glass_columns_a,
          glass_columns_b, chequers_serial_rivers_marsh,
          chequers_serial_rivers_large_b, minmay_box_of_dots
D:2:      layout_loops_ring, chequers_ecumenical_altar_simple
D:3:      layout_basic, yredelemnul_forgotten_temple_becter,
          grunt_decor_resistance
D:4:      layout_loops_corners, lemuel_doored_altar,
          amethyst_overflow_temple_binary, ebering_ghost_gozag,
          nicolae_ru_sacrificial_ziggurat, uniq_eustachio
D:5:      layout_cave_pods, portal_sewer_entry_b, minmay_hedge_maze
D:6:      layout_loops_corners, serial_shops, nicolae_shop_stone, shop,
          kennysheep_mini_moat, gammafunk_ghost_smash, basic_altar,
          chequers_serial_rivers_small_3, hangedman_abyss_or_decor_lesser_grid
D:7:      layout_rooms, minmay_temple_entry_offerings
D:8:      layout_loops_corners
D:9:      layout_roguey, serial_shops, shop, hangedman_decor_points,
          roderic_batcave, minivault_14
D:10:     layout_small_grid, orc_0_dummy, gammafunk_ghost_smash, uniq_josephine
D:11:     layout_basic, dpeg_oklobed_lair, eino_house_with_fridge, uniq_grum
Lair:1:   layout_hall_layers, grunt_megastairs_3, lemuel_fruit_fields
Lair:2:   layout_cave_pods, minmay_shoals_entry_hut, hibernation_bobbens
Lair:3:   layout_long_grid, enter_volcano_1, uniq_sonja
Orc:1:    layout_diamond_mine, nicolae_orc_crystal_geode
Orc:2:    st_orc_town, layout_caves, basic_altar, uniq_nessos, uniq_snorg

Skill      XL: |  1  2  3  4  5  6  7  8  9 10 11 12 |
---------------+-------------------------------------+-----
Stealth        | 3 4 5 6 8 |  8.0
Shields        | 1 2 3 4 |  4.0
Earth Magic    | 4 5 7 8 9 10 11 | 11.0
Spellcasting   | 3 4 |  4.4
Dodging        | 3 5 7 9 10 | 10.0
Transmutations | 3 5 |  5.0
Invocations    | 4 7 9 |  9.5
Short Blades   | 2 4 |  4.4
Fighting       | 3 6 |  6.3

Action                   |  1- 3 |  4- 6 |  7- 9 | 10-12 || total
-------------------------+-------+-------+-------+-------++-------
Melee: Unarmed           |     5 |       |       |       ||     5
       Constrict         |    18 |    37 |    49 |    50 ||   154
       Tentacles         |     7 |    18 |    35 |    57 ||   117
       Dagger            |    23 |       |       |   140 ||   163
       Mace              |    40 |   176 |    11 |       ||   227
       Spear             |       |       |   269 |   240 ||   509
Throw: Dart              |       |       |       |     4 ||     4
 Cast: Sandblast         |    10 |    36 |    77 |   138 ||   261
       Stone Arrow       |       |       |     5 |    36 ||    41
       Petrify           |       |       |     2 |    14 ||    16
       Lee's Rapid Decon |       |       |     1 |    15 ||    16
Evoke: Wand              |       |       |       |     2 ||     2
  Use: Scroll            |     6 |     7 |     5 |     8 ||    26
       Potion            |       |       |     6 |     2 ||     8
 Stab: Sleeping          |    10 |    24 |    23 |    35 ||    92
       Distracted        |       |     1 |     2 |     1 ||     4
       Paralysed         |       |     3 |     5 |    22 ||    30
       Petrified         |       |       |    10 |    41 ||    51
Armor: Skin              |     6 |    14 |     5 |    14 ||    39
Dodge: Dodged            |    53 |   142 |   152 |   278 ||   625
Block: Buckler           |     4 |    60 |    72 |   121 ||   257
       Reflection        |       |       |       |     1 ||     1

Table legend: (Time is in decaauts)
 A = Elapsed time spent in this place.
 B = Non-inter-level travel time spent in this place.
 C = Inter-level travel time spent in this place.
 D = Time resting spent in this place.
 E = Time spent auto-exploring this place.
 F = Levels seen in this place.
 G = Mean time per level.
                   A        B        C        D        E       F      G
               +--------+--------+--------+--------+--------+-----+--------+
         Total |  22375 |  21696 |    679 |   1260 |  17162 |  18 | 1243.1 |
       Dungeon |  16968 |  16412 |    556 |    690 |  13227 |  11 | 1542.5 |
          Lair |   3127 |   3035 |     92 |      0 |   2668 |   3 | 1042.3 |
  Orcish Mines |    253 |    223 |     30 |      0 |    186 |   2 |  126.5 |
         Sewer |   1292 |   1292 |      0 |    252 |    814 |   1 | 1292.0 |
       Volcano |    735 |    735 |      0 |    318 |    267 |   1 |  735.0 |
               +--------+--------+--------+--------+--------+-----+--------+

Top non-repeatable levels by time:
    D:11: 3284 daAuts
     D:5: 1818 daAuts
  Lair:1: 1762 daAuts
     D:8: 1748 daAuts
     D:9: 1616 daAuts
     D:4: 1416 daAuts
     D:6: 1375 daAuts
     D:2: 1371 daAuts
   Sewer: 1292 daAuts
     D:3: 1270 daAuts
  Lair:2: 1211 daAuts
    D:10: 1070 daAuts
     D:7: 1051 daAuts
     D:1: 944 daAuts
 Volcano: 735 daAuts
